 Dungeon Crawl Stone Soup version 0.28.0-43-g3370ac3207 (webtiles) character file.

Game seed: 2324685750885987956

8008 croobank the Thaumaturge (level 11, -1/83 HPs)
             Began as a Gnoll Wanderer on Mar 31, 2022.
             Was a High Priest of the Shining One.
             Slain by a wraith (7 damage)
             ... on level 10 of the Dungeon.
             The game lasted 00:59:32 (12183 turns).

croobank the Thaumaturge (Gnoll Wanderer)          Turns: 12183, Time: 00:59:33

Health: -1/83      AC: 15    Str: 15    XL:     11   Next: 24%
Magic:  9/23       EV: 11    Int: 16    God:    the Shining One [*****.]
Gold:   402        SH:  5    Dex:  8    Spells: 14/26 levels left

rFire   . . .      SeeInvis +   a - +5 club (spect)
rCold   . . .      Faith    .   E - +0 buckler
rNeg    + + .      Spirit   .   w - +4 ring mail {Will+}
rPois   .          Reflect  .   (no helmet)
rElec   .          Harm     .   u - +1 cloak
rCorr   .          Rampage  .   c - +1 pair of gloves
Will    +....                   (no boots)
Stlth   +.........              (no amulet)
HPRegen 0.23/turn               M - ring of see invisible
MPRegen 0.18/turn               (no ring)

@: very slightly contaminated, slowed, glowing, very slow
A: fangs 1, strong nose, distributed training
a: Renounce Religion, Divine Shield, Cleansing Flame, Summon Divine Warrior


You were on level 10 of the Dungeon.
You worshipped the Shining One.
The Shining One was extremely pleased with you.
You visited 2 branches of the dungeon, and saw 11 of its levels.

You collected 448 gold pieces.
You spent 46 gold pieces at shops.

Inventory:

Hand Weapons
 a - a +5 spectral club (weapon)
 b - a +0 hunting sling
 g - a +1 whip of electrocution
 p - a +0 dire flail of holy wrath
 x - a +0 great mace of flaming
 y - a +0 broad axe
 C - a +5 dagger of freezing
 D - a +3 long sword of freezing
 K - a +2 mace of holy wrath
Missiles
 e - 304 stones
 h - 9 poisoned darts
 j - 175 arrows
 o - a curare-tipped dart
 s - 76 sling bullets
Armour
 c - a +1 pair of gloves (worn)
 m - a +0 scale mail
 r - a +0 chain mail
 u - a +1 cloak (worn)
 w - a +4 ring mail of willpower (worn)
 E - a +0 buckler (worn)
Jewellery
 H - a +4 ring of evasion
 L - an amulet of reflection
 M - a ring of see invisible (left hand)
Wands
 i - a wand of flame (57)
 n - a wand of digging (5)
 N - a wand of charming (7)
Scrolls
 d - a scroll of fog
 l - a scroll of amnesia
 v - a scroll of immolation
 G - a scroll of teleportation
 J - a scroll of magic mapping
Potions
 f - 2 potions of flight
 k - 6 potions of lignification
 q - 2 potions of might
 t - a potion of ambrosia
 z - a potion of mutation
 A - 2 potions of invisibility {unknown}
 B - a potion of curing
 F - a potion of haste
 I - a potion of attraction {unknown}


   Skills:
 + Level 6.7 Fighting
 + Level 6.1 Short Blades
 + Level 6.1 Long Blades
 + Level 6.1 Axes
 + Level 6.1 Maces & Flails
 + Level 6.1 Polearms
 + Level 6.1 Staves
 + Level 6.1 Slings
 + Level 6.1 Bows
 + Level 6.1 Crossbows
 + Level 6.1 Throwing
 + Level 6.7 Armour
 + Level 6.1 Dodging
 + Level 6.6 Stealth
 + Level 6.1 Shields
 + Level 6.1 Unarmed Combat
 + Level 8.0 Spellcasting
 + Level 5.0 Conjurations
 + Level 7.5 Hexes
 + Level 5.0 Summonings
 + Level 6.4 Necromancy
 + Level 5.0 Translocations
 + Level 5.0 Transmutations
 + Level 5.0 Fire Magic
 + Level 5.0 Ice Magic
 + Level 5.0 Air Magic
 + Level 5.0 Earth Magic
 + Level 5.0 Poison Magic
 + Level 6.7 Invocations
 + Level 6.1 Evocations


You had 14 spell levels left.
You knew the following spells:

 Your Spells              Type           Power      Damage    Failure   Level
a - Slow                  Hex            100%       N/A       1%          1
b - Frozen Ramparts       Ice            44%        1d6       10%         3
c - Freeze                Ice            88%        1d10      3%          1
d - Ozocubu's Armour      Ice            22%        N/A       10%         3
e - Hailstorm             Conj/Ice       22%        3d7       32%         4

Your spell library contained the following spells:

 Spells                   Type           Power      Damage    Failure   Level
 Animate Skeleton         Necr           52%        N/A       1%          1
 Pain                     Necr           100%       1d9       1%          1
 Sublimation of Blood     Necr           26%        N/A       2%          2
 Summon Guardian Golem    Hex/Summ       26%        N/A       6%          3
 Ice Form                 Ice/Tmut       22%        N/A       32%         4
 Summon Ice Beast         Ice/Summ       22%        N/A       32%         4
 Metabolic Englaciation   Hex/Ice        13%        N/A       47%         5
 Summon Mana Viper        Hex/Summ       26%        N/A       47%         5
 Simulacrum               Ice/Necr       12%        N/A       98%         6
 Monstrous Menagerie      Summ           11%        N/A       100%        7


Dungeon Overview and Level Annotations

Branches:
Dungeon (10/15)            Temple (1/1) D:4             Orc (0/2) D:9
   Lair: D:8-11

Altars:
Ashenzari
Cheibriados
Dithmenos
Elyvilon
Fedhas
Gozag
Hepliaklqana
Kikubaaqudgha
Makhleb
Nemelex Xobeh
Okawaru
Qazlal
Ru
Sif Muna
Uskayaw
Vehumet
Wu Jian
Xom
Yredelemnul
Zin
The Shining One

Shops:
D:9 [*[

Annotations:
D:9 exclusion: ice statue


Innate Abilities, Weirdness & Mutations

You have very sharp teeth.
Your uncanny sense of smell can sniff out nearby items.
Your experience applies equally to all skills.


Message History

Okay, then.
Casting: Hailstorm (dangerous; 32% risk of failure)
Confirm with . or Enter, or press ? or * to list all spells.
Casting: Frozen Ramparts (dangerous; 10% risk of failure)
Press: ? - help, Dir - look around, f - activate This square is lit by a halo.
You miscast Frozen Ramparts.
You are very lightly contaminated with residual magic.
Nothing appears to happen.
The two-headed ogre shouts in stereo!
The howler monkey barely misses you. The two-headed ogre misses you.
The two-headed ogre hits you with a +0 giant spiked club!
* * * LOW HITPOINT WARNING * * *
The death knight barely misses you. The wraith barely misses you.
Casting: Frozen Ramparts (dangerous; 10% risk of failure)
Confirm with . or Enter, or press ? or * to list all spells.
Casting: Frozen Ramparts (dangerous; 10% risk of failure)
Press: ? - help, Dir - look around, f - activate This square is lit by a halo.
The walls around you are covered in ice.
Your surroundings seem slightly different.
The frozen ramparts melt away as you move.
A yak comes into view.
Found 11 gold pieces.
Found a stone staircase leading up.
The death knight offers itself to Yredelemnul, and fills with unholy energy.
The yak moves out of view.
The yak bellows!
A howler monkey zombie comes into view.
Casting: Frozen Ramparts (dangerous; 10% risk of failure)
Confirm with . or Enter, or press ? or * to list all spells.
Casting: Hailstorm (dangerous; 32% risk of failure)
Press: ? - help, Dir - look around, f - activate A cannonade of hail descends around you!
The hail pelts the wraith.
The wraith is lightly damaged.
The hail pelts the yak!
The yak is heavily wounded.
Okay, then.
The wraith hits you!
You die...

#
##........##.#
[. ..
.........§# .
.∆
...#.......hp#
..
....#.....W.h.
..
........OO####.
.......!..## .#
#.$.......# #
..#..#...W.#
#.. ##...@# #
#...Y..#
#.....##..<..#
#....## .......
#..... ...Z...
....... .......
....#. .......
#..# .......


You could see 2 two-headed ogres, a yak, a wraith and a howler monkey zombie.

Vanquished Creatures
  Erica (D:8)
  2 two-headed ogres (D:9)
  Pikel (D:4)
  Maurice (D:8)
  A troll (D:9)
  Prince Ribbit (D:8)
  Grinder (D:6)
  2 shadows (D:9)
  Eustachio (D:6)
  4 yaks (D:9)
  Menkaure (D:7)
  Edmund (D:4)
  Duvessa (D:7)
  A sky beast (D:7)
  An orc warrior (D:9)
  A hornet zombie (D:5)
  2 ice beasts
  An ogre (D:4)
  3 centaurs
  2 phantoms
  A kobold brigand (D:7)
  2 bullfrogs
  A gnoll sergeant (D:8)
  2 scorpions
  2 water moccasin skeletons (D:5)
  Dowan (D:7)
  2 troll zombies (D:9)
  6 killer bees (D:9)
  4 wights
  5 howler monkeys
  3 bullfrog zombies (D:5)
  2 centaur zombies (D:5)
  A jelly (D:6)
  5 hounds
  A bullfrog skeleton (D:5)
  2 orc priests (D:9)
  2 centaur skeletons
  A gnoll shaman (D:8)
  Jessica (D:2)
  3 scorpion zombies (D:5)
  Ijyb (D:5)
  An iguana (D:5)
  3 orc wizards
  Natasha (thrice) (D:4)
  2 killer bee zombies (D:5)
  4 ogre zombies (D:9)
  8 hound zombies (D:5)
  3 hound skeletons
  Robin (D:3)
  A howler monkey zombie (D:8)
  8 gnolls (D:8)
  A howler monkey skeleton (D:4)
  6 adders
  2 white imps (D:7)
  An ufetubus (D:5)
  An adder zombie (D:5)
  An adder skeleton (D:4)
  6 orcs
  8 ball pythons
  7 endoplasms
  3 giant cockroaches
  13 goblins
  9 hobgoblins
  3 quokkas
  6 bats
  5 frilled lizards
  A goblin skeleton (D:9)
  4 goblin zombies (D:9)
  2 hobgoblin zombies (D:9)
  9 kobolds
  2 orc skeletons (D:9)
  10 orc zombies (D:9)
  5 rats
216 creatures vanquished.

Vanquished Creatures (others)
  A goblin (D:4)
  A kobold (D:7)
2 creatures vanquished.

Grand Total: 218 creatures vanquished

Notes
Turn   | Place    | Note
-------+----------+-------------------------------------------
     0 | D:1      | croobank the Gnoll Wanderer began the quest for the Orb.
     0 | D:1      | croobank set off with the following items: a +0 club, a +0
                  | robe, a +0 pair of gloves; and the following spells
                  | available to memorise: Slow, Animate Skeleton, Pain,
                  | Sublimation of Blood, Summon Guardian Golem
     0 | D:1      | Reached XP level 1. HP: 17/17 MP: 6/6
   415 | D:1      | Reached XP level 2. HP: 19/23 MP: 7/7
  1042 | D:1      | Reached XP level 3. HP: 23/28 MP: 9/9
  1053 | D:1      | Reached skill level 5 in Spellcasting
  1724 | D:2      | Found a faded altar of an unknown god.
  1747 | D:2      | Reached skill level 1 in Invocations
  2312 | D:2      | Reached skill level 1 in Short Blades
  2312 | D:2      | Reached skill level 1 in Long Blades
  2312 | D:2      | Reached skill level 1 in Axes
  2312 | D:2      | Reached skill level 1 in Maces & Flails
  2312 | D:2      | Reached skill level 1 in Polearms
  2312 | D:2      | Reached skill level 1 in Staves
  2312 | D:2      | Reached skill level 1 in Slings
  2312 | D:2      | Reached skill level 1 in Bows
  2312 | D:2      | Reached skill level 1 in Crossbows
  2312 | D:2      | Reached skill level 1 in Throwing
  2312 | D:2      | Reached skill level 1 in Dodging
  2312 | D:2      | Reached skill level 1 in Shields
  2312 | D:2      | Reached skill level 1 in Unarmed Combat
  2312 | D:2      | Reached skill level 1 in Evocations
  2593 | D:2      | Reached XP level 4. HP: 24/34 MP: 11/11
  3286 | D:3      | Noticed Jessica
  3293 | D:2      | Killed Jessica
  3294 | D:2      | Reached skill level 1 in Conjurations
  3294 | D:2      | Reached skill level 1 in Summonings
  3294 | D:2      | Reached skill level 1 in Translocations
  3294 | D:2      | Reached skill level 1 in Transmutations
  3294 | D:2      | Reached skill level 1 in Fire Magic
  3294 | D:2      | Reached skill level 1 in Ice Magic
  3294 | D:2      | Reached skill level 1 in Air Magic
  3294 | D:2      | Reached skill level 1 in Earth Magic
  3294 | D:2      | Reached skill level 1 in Poison Magic
  3366 | D:3      | Found a basalt altar of Yredelemnul.
  3400 | D:3      | Found a broken altar of Ashenzari.
  3639 | D:3      | Found a shadowy altar of Dithmenos.
  3788 | D:3      | Found a faded altar of an unknown god.
  3791 | D:3      | Found a sacrificial altar of Ru.
  3887 | D:4      | Learned a level 1 spell: Slow
  3899 | D:4      | Noticed an ogre
  3930 | D:4      | Reached XP level 5. HP: 21/40 MP: 12/12
  3945 | D:4      | Killed an ogre
  3946 | D:4      | Reached XP level 6. HP: 28/47 MP: 11/13
  4214 | D:4      | Noticed Natasha
  4217 | D:4      | Killed Natasha
  4240 | D:4      | Noticed Pikel
  4258 | D:4      | Found a staircase to the Ecumenical Temple.
  4263 | Temple   | Entered the Ecumenical Temple
  4515 | Temple   | Became a worshipper of the Shining One
  4569 | D:4      | HP: 2/47 [Pikel/+1 whip of electrocution (14)]
  4605 | D:4      | Killed Pikel
  4606 | D:4      | Reached XP level 7. HP: 34/53 MP: 13/15
  4743 | D:4      | Noticed Natasha
  4750 | D:4      | Killed Natasha
  4800 | D:4      | Noticed Robin
  4800 | D:4      | Noticed Edmund
  4934 | D:3      | Killed Robin
  5052 | D:4      | Killed Edmund
  5053 | D:4      | Reached XP level 8. HP: 33/60 MP: 14/16
  5215 | D:4      | Noticed Natasha
  5225 | D:4      | Killed Natasha
  5803 | D:5      | Entered Level 5 of the Dungeon
  5823 | D:5      | Reached * piety under the Shining One
  5831 | D:5      | Reached skill level 6 in Spellcasting
  6335 | D:5      | Noticed Ijyb
  6346 | D:5      | Killed Ijyb
  6467 | D:5      | Found an ancient bone altar of Kikubaaqudgha.
  6524 | D:5      | Found a radiant altar of Vehumet.
  6525 | D:5      | Reached ** piety under the Shining One
  6575 | D:5      | Reached skill level 5 in Necromancy
  6575 | D:5      | Reached XP level 9. HP: 55/66 MP: 18/18
  6897 | D:5      | Found a shimmering blue altar of Sif Muna.
  7083 | D:6      | Noticed Grinder
  7089 | D:6      | Paralysed by Grinder for 4 turns
  7094 | D:6      | Killed Grinder
  7095 | D:6      | Reached skill level 5 in Fighting
  7095 | D:6      | Reached skill level 5 in Armour
  7186 | D:6      | Found a sparkling altar of Nemelex Xobeh.
  7186 | D:6      | Found an opulent altar of Gozag.
  7245 | D:6      | Reached *** piety under the Shining One
  7289 | D:6      | Noticed Eustachio
  7317 | D:6      | Killed Eustachio
  7318 | D:6      | Reached skill level 5 in Stealth
  7627 | D:6      | Reached skill level 5 in Invocations
  7944 | D:7      | Noticed Menkaure
  7952 | D:7      | Killed Menkaure
  7982 | D:7      | Reached skill level 7 in Spellcasting
  8041 | D:7      | Noticed Dowan
  8042 | D:7      | Noticed Duvessa
  8286 | D:7      | Killed Duvessa
  8287 | D:7      | Reached XP level 10. HP: 58/74 MP: 18/20
  8300 | D:7      | Killed Dowan
  8727 | D:8      | Found a burning altar of Makhleb.
  8759 | D:8      | Noticed Erica
  8771 | D:8      | Killed Erica
  8772 | D:8      | Reached skill level 5 in Short Blades
  8772 | D:8      | Reached skill level 5 in Long Blades
  8772 | D:8      | Reached skill level 5 in Axes
  8772 | D:8      | Reached skill level 5 in Maces & Flails
  8772 | D:8      | Reached skill level 5 in Polearms
  8772 | D:8      | Reached skill level 5 in Staves
  8772 | D:8      | Reached skill level 5 in Slings
  8772 | D:8      | Reached skill level 5 in Bows
  8772 | D:8      | Reached skill level 5 in Crossbows
  8772 | D:8      | Reached skill level 5 in Throwing
  8772 | D:8      | Reached skill level 5 in Dodging
  8772 | D:8      | Reached skill level 5 in Shields
  8772 | D:8      | Reached skill level 5 in Unarmed Combat
  8772 | D:8      | Reached skill level 5 in Evocations
  8863 | D:8      | Found a hazy altar of Hepliaklqana.
  9381 | D:8      | Noticed Maurice
  9397 | D:8      | Killed Maurice
  9472 | D:8      | Noticed Prince Ribbit
  9479 | D:8      | Killed Prince Ribbit
  9827 | D:9      | Noticed a two-headed ogre
  9827 | D:9      | Reached **** piety under the Shining One
  9843 | D:9      | Killed a two-headed ogre
 10274 | D:9      | Found a staircase to the Orcish Mines.
 10333 | D:9      | Reached ***** piety under the Shining One
 10431 | D:9      | Noticed an ice statue
 10557 | D:9      | Found Joux's Armour Emporium.
 10571 | D:9      | Learned a level 3 spell: Frozen Ramparts
 10571 | D:9      | Found Acsy's Assorted Antiques.
 10579 | D:9      | Bought a scroll of identify for 46 gold pieces
 10668 | D:10     | Entered Level 10 of the Dungeon
 10694 | D:10     | Noticed a two-headed ogre
 10704 | D:9      | HP: 1/77 [yak (12)]
 10777 | D:9      | Found a blossoming altar of Fedhas.
 11209 | D:9      | Reached XP level 11. HP: 58/83 MP: 22/22
 11230 | D:9      | Noticed a two-headed ogre
 11262 | D:9      | Killed a two-headed ogre
 11391 | D:9      | Learned a level 1 spell: Freeze
 11395 | D:9      | Learned a level 3 spell: Ozocubu's Armour
 11400 | D:9      | Learned a level 4 spell: Hailstorm
 11505 | D:9      | Reached skill level 5 in Conjurations
 11505 | D:9      | Reached skill level 5 in Summonings
 11505 | D:9      | Reached skill level 5 in Translocations
 11505 | D:9      | Reached skill level 5 in Transmutations
 11505 | D:9      | Reached skill level 5 in Fire Magic
 11505 | D:9      | Reached skill level 5 in Ice Magic
 11505 | D:9      | Reached skill level 5 in Air Magic
 11505 | D:9      | Reached skill level 5 in Earth Magic
 11505 | D:9      | Reached skill level 5 in Poison Magic
 11759 | D:9      | Found Lible's Armour Boutique.
 12060 | D:9      | Reached skill level 8 in Spellcasting
 12173 | D:10     | Noticed a death knight
 12177 | D:10     | Noticed a two-headed ogre
 12178 | D:10     | HP: 4/83 [two-headed ogre/+0 giant spiked club (8)]
 12183 | D:10     | Slain by a wraith

Illustrated notes

Levels and vault maps discovered:
D:1:      dpeg_arrival_stone_temple_mockup, layout_basic,
          minmay_misc_feat_nine_boxes, minmay_cupped
D:2:      layout_basic, nicolae_ecumenical_snake_handling,
          minmay_misc_feat_five, minmay_statues_item, kennysheep_big_empty_room,
          nrook_mini_backslash
D:3:      layout_rooms, grunt_dithmenos_smoke_and_mirrors, ashenzari_altar_1,
          old_standard_altar, nicolae_overflow_ecumenical_swirl, uniq_jessica
D:4:      layout_loops_ring, lemuel_temple_firewalk_b, uniq_robin, uniq_edmund,
          uniq_natasha, uniq_pikel
D:5:      layout_cave_pools, grunt_temple_overflow_magic_moments, serial_undead,
          serial_undead_a, serial_undead_e, serial_undead_d, serial_undead_d,
          serial_undead_f, serial_undead_d, serial_undead_f, serial_undead_a,
          uniq_ijyb
D:6:      layout_basic, grunt_temple_overflow_opulence, uniq_eustachio,
          uniq_grinder
D:7:      layout_basic, uniq_menkaure, uniq_duvessa
D:8:      layout_gridville, amcnicky_altar_gilded,
          nicolae_overflow_crystal_walls, serial_glass, glass_columns_b,
          glass_columns_a, uniq_erica, uniq_prince_ribbit1, uniq_maurice
D:9:      lemuel_ice_statue, layout_grid_maze,
          mainiacjoe_overflow_concentric_impassable, zombieorc1_lemuel,
          serial_shops, nicolae_diamond_shop, nicolae_diamond_shop,
          kennysheep_little_box, minivault_11
D:10:     layout_cave_pools, trog_three_pillars_becter, dpeg_oklobed_lair,
          minmay_bent
Temple:   jpeg_temple_island

Skill      XL: |  1  2  3  4  5  6  7  8  9 10 11 |
---------------+----------------------------------+-----
Spellcasting   | 5 6 7 8 |  8.0
Invocations    | 1 3 4 5 6 |  6.7
Short Blades   | 1 2 3 4 5 6 |  6.1
Long Blades    | 1 2 3 4 5 6 |  6.1
Axes           | 1 2 3 4 5 6 |  6.1
Maces & Flails | 1 2 3 4 5 6 |  6.1
Polearms       | 1 2 3 4 5 6 |  6.1
Staves         | 1 2 3 4 5 6 |  6.1
Slings         | 1 2 3 4 5 6 |  6.1
Bows           | 1 2 3 4 5 6 |  6.1
Crossbows      | 1 2 3 4 5 6 |  6.1
Throwing       | 1 2 3 4 5 6 |  6.1
Dodging        | 1 2 3 4 5 6 |  6.1
Shields        | 1 2 3 4 5 6 |  6.1
Unarmed Combat | 1 2 3 4 5 6 |  6.1
Evocations     | 1 2 3 4 5 6 |  6.1
Conjurations   | 1 2 3 4 5 |  5.0
Summonings     | 1 2 3 4 5 |  5.0
Translocations | 1 2 3 4 5 |  5.0
Transmutations | 1 2 3 4 5 |  5.0
Fire Magic     | 1 2 3 4 5 |  5.0
Ice Magic      | 1 2 3 4 5 |  5.0
Air Magic      | 1 2 3 4 5 |  5.0
Earth Magic    | 1 2 3 4 5 |  5.0
Poison Magic   | 1 2 3 4 5 |  5.0
Fighting       | 3 4 5 6 |  6.7
Armour         | 3 4 5 6 |  6.7
Necromancy     | 4 5 6 |  6.4
Stealth        | 3 4 5 6 |  6.6
Hexes          | 6 7 |  7.5

Action                   |  1- 3 |  4- 6 |  7- 9 | 10-12 || total
-------------------------+-------+-------+-------+-------++-------
Melee: Whip              |   140 |       |    21 |       ||   161
       Club              |    16 |       |   235 |   208 ||   459
       Bite              |    12 |     7 |    39 |    40 ||    98
       Punch             |     1 |       |       |       ||     1
       Hand axe          |    29 |   135 |       |       ||   164
 Fire: Hunting sling     |       |       |     5 |       ||     5
Throw: Dart              |     1 |    10 |     2 |     2 ||    15
       Stone             |       |     2 |       |       ||     2
 Cast: Slow              |       |     3 |    23 |    53 ||    79
       Frozen Ramparts   |       |       |       |     8 ||     8
       Ozocubu's Armour  |       |       |       |     1 ||     1
       Hailstorm         |       |       |       |     1 ||     1
Evoke: Wand              |       |       |     4 |     1 ||     5
  Use: Scroll            |     4 |     5 |     7 |     4 ||    20
       Potion            |       |     5 |     2 |     2 ||     9
 Stab: Sleeping          |     2 |       |       |       ||     2
Armor: Robe              |    40 |       |       |       ||    40
       Ring mail         |    26 |    59 |   181 |   100 ||   366
       Skin              |       |       |    59 |       ||    59
Dodge: Dodged            |   114 |    91 |   203 |   126 ||   534
Block: Buckler           |       |    19 |    66 |    44 ||   129
